 Dungeon Crawl Stone Soup version 0.23.2-40-g277498a001 (webtiles) character file.

Game seed: 2899446555770232375

12408 Curus the Basher (level 11, -13/89 HPs)
             Began as a Minotaur Abyssal Knight on Oct 14, 2019.
             Was an Elder of Lugonu.
             Killed from afar by a bog body (29 damage)
             ... with a bolt of cold
             ... on level 4 of the Lair of Beasts.
             The game lasted 00:40:21 (13214 turns).

Curus the Basher (Minotaur Abyssal Knight)         Turns: 13214, Time: 00:40:22

Health: -13/89     AC: 18    Str: 18    XL:     11   Next: 62%
Magic:  17/17      EV:  6    Int:  9    God:    Lugonu [****..]
Gold:   774        SH:  3    Dex: 14    Spells: 10/10 levels left

rFire    + . .     SeeInvis .   E - +1 eveningstar
rCold    . . .     Gourm    .   D - +0 buckler
rNeg     . . .     Faith    .   d - +1 plate armour
rPois    +         Spirit   .   (helmet restricted)
rElec    .         Reflect  .   (no cloak)
rCorr    .         Harm     .   (no gloves)
MR       .....                  t - +2 pair of boots {run}
Stlth    ..........             F - amulet of magic regeneration
HPRegen  0.24/turn              f - ring of protection from fire
MPRegen  0.40/turn              r - ring of poison resistance

@: quick
A: retaliatory headbutt, horns 2, talons 1, frail 1, strong 1
a: Depart the Abyss, Bend Space, Banish, Corrupt, Renounce Religion


You were on level 4 of the Lair of Beasts.
You worshipped Lugonu.
Lugonu was greatly pleased with you.
You were not hungry.

You visited 2 branches of the dungeon, and saw 12 of its levels.
You visited the Abyss 1 time.

You collected 862 gold pieces.
You spent 88 gold pieces at shops.

Inventory:

Hand Weapons
 a - a +1 mace
 u - a +0 flail
 w - a +3 morningstar of freezing
 x - a +6 dire flail
 E - a +1 eveningstar (weapon)
Armour
 b - a +0 leather armour
 d - a +1 plate armour (worn)
 t - a +2 pair of boots of running (worn)
 y - the +1 ring mail of Terror {Dex+2}
   (You found it on level 7 of the Dungeon)

   It affects your dexterity (+2).
 D - a +0 buckler (worn)
Jewellery
 f - a ring of protection from fire (left hand)
 i - an uncursed ring of attention
 l - an uncursed ring of stealth
 p - a +2 ring of intelligence
 q - a +3 ring of strength
 r - a ring of poison resistance (right hand)
 C - an uncursed ring of wizardry
 F - an amulet of magic regeneration (around neck)
Wands
 j - a wand of polymorph (3)
 s - a wand of flame (30)
 B - a wand of disintegration (10)
Scrolls
 e - 3 scrolls of immolation
 g - 8 scrolls of identify
 h - a scroll of remove curse
 m - a scroll of amnesia
 n - a scroll of fog
 o - 6 scrolls of teleportation
 v - a scroll of blinking
Potions
 k - 3 potions of curing
 z - 2 potions of haste
 A - 2 potions of heal wounds
Comestibles
 c - 16 rations


   Skills:
 + Level 9.8 Fighting
 - Level 13.6 Maces & Flails
 + Level 9.4 Armour
 - Level 1.1 Dodging
 - Level 10.2 Invocations


You had 10 spell levels left.
You didn't know any spells.
Your spell library contained the following spells:

 Spells                   Type           Power        Failure   Level  Hunger
 Animate Skeleton         Necr           N/A          100%        1    ##.....
 Apportation              Tloc           #.....       100%        1    ##.....
 Confusing Touch          Hex            #.....       100%        1    ##.....
 Flame Tongue             Conj/Fire      #....        100%        1    ##.....
 Summon Small Mammal      Summ           #...         100%        1    ##.....
 Throw Flame              Conj/Fire      #.....       100%        2    ###....
 Conjure Flame            Conj/Fire      #.......     100%        3    ####...
 Inner Flame              Hex/Fire       #.......     100%        3    ####...
 Sticky Flame             Conj/Fire      #.......     100%        4    #####..
 Fireball                 Conj/Fire      #.........   100%        5    ######.


Dungeon Overview and Level Annotations

Branches:
Dungeon (8/15)             Temple (0/1) D:5            Lair (4/6) D:8
  Snake (0/4) Lair:3
  Swamp: Lair:2-4    Shoals: Lair:2-4

Altars:
Makhleb
Wu Jian
Zin

Shops:
D:4 ?   D:6 :

Annotations:
Lair:2 exclusion: oklob plant
Lair:4 Urug


Innate Abilities, Weirdness & Mutations

You reflexively headbutt those who attack you in melee.
You have a pair of horns on your head.
You have sharp toenails.
You are frail. (-10% HP)
Your muscles are strong. (Str +2)


Message History

A swamp worm comes into view.
A bog body comes into view.
The swamp worm throws harpoon shot at you.
The harpoon shot hits you!
You are yanked forward by the harpoon shot.
You puncture the bog body!
The bog body is moderately damaged.
You block the swamp worm's attack.
You puncture the bog body!
The bog body is heavily damaged.
The swamp worm bites you but does no damage.
The bog body gestures at you while chanting.
The bolt of cold hits you!
You barely miss the bog body.
The bog body is heavily damaged.
The swamp worm bites you!
* * * LOW HITPOINT WARNING * * *
The bog body gestures at you while chanting.
The bolt of cold hits you!!
You die...

≈♣.≈♣ ....# ..≈♣
.....##♣♣ ..≈♣
.....#..♣♣..≈♣
#.......♣≈♣.≈♣ .#
#......♣≈..≈♣ P....
#.....♣≈nw≈♣ ...P.#
#....♣♣.@♣
....P.##.^...♣..♣
......#..##..♣..♣.#
..............⌠⌠..#
..>..............##
.#P............#
###.....##...##
#....#####.## #
###.†..## ###


You could see a bog body and a swamp worm.

Vanquished Creatures
  A hydra (Lair:2)
  A two-headed ogre (D:8)
  3 black mambas
  2 spiny frogs
  2 rime drakes
  2 komodo dragons
  4 hippogriffs
  A wyvern (Lair:2)
  4 yaks
  2 hungry ghosts
  7 water moccasins
  3 nagas (Lair:3)
  2 orc warriors (D:8)
  4 porcupines
  A black bear (Lair:2)
  A sky beast (D:7)
  2 centaurs (D:8)
  5 ogres
  A phantom (D:6)
  9 crocodiles
  10 bullfrogs
  2 scorpions (D:7)
  13 killer bees (D:8)
  5 wights
  4 howler monkeys
  3 electric eels (Lair:1)
  4 crimson imps
  3 jellies
  6 hounds
  4 orc priests
  3 orc wizards
  A bullfrog skeleton (D:5)
  Natasha (thrice) (D:2)
  4 iguanas
  6 worker ants
  2 hound zombies
  A hound skeleton (D:6)
  A worker ant zombie (D:5)
  9 adders
  3 shadow imps
  An ooze (D:2)
  A worm (D:2)
  4 leopard geckos
  13 orcs
  A ball python (D:1)
  8 giant cockroaches
  8 goblins
  10 hobgoblins
  11 jackals
  3 kobolds
  2 quokkas
  8 bats
  4 frilled lizards
  A jackal skeleton (D:5)
  9 rats
228 creatures vanquished.

Vanquished Creatures (others)
  An ugly thing (D:8)
  The ghost of Martska the Skirmisher, a novice HOFi of Okawaru (D:5)
  A komodo dragon (Lair:2)
  An orc warrior (D:5)
  A fungus (Lair:4)
5 creatures vanquished.

Grand Total: 233 creatures vanquished

Notes
Turn   | Place    | Note
-------+----------+-------------------------------------------
     0 | Abyss:1  | Curus the Minotaur Abyssal Knight began the quest for the
                  | Orb.
     0 | Abyss:1  | Reached XP level 1. HP: 19/19 MP: 1/1
    53 | Abyss:1  | Noticed a large abomination
    54 | D:1      | Escaped the Abyss
    92 | D:1      | Reached * piety under Lugonu
    97 | D:1      | Reached skill level 3 in Maces & Flails
    97 | D:1      | Reached XP level 2. HP: 24/26 MP: 2/2
   277 | D:1      | Gained mutation: Your body sometimes deteriorates upon
                  | taking damage. [potion of mutation]
   277 | D:1      | Gained mutation: You are frail. (-10% HP) [potion of
                  | mutation]
   277 | D:1      | Gained mutation: You have sharp toenails. [potion of
                  | mutation]
   277 | D:1      | Gained mutation: You have a pair of large horns on your
                  | head. [potion of mutation]
   354 | D:1      | Reached XP level 3. HP: 24/27 MP: 2/4
   591 | D:2      | Noticed Natasha
   603 | D:2      | Killed Natasha
   603 | D:2      | Reached skill level 4 in Maces & Flails
   603 | D:2      | Reached XP level 4. HP: 35/35 MP: 5/5
   615 | D:2      | Noticed Natasha
   627 | D:2      | Killed Natasha
   662 | D:2      | Reached ** piety under Lugonu
   787 | D:2      | Reached XP level 5. HP: 40/40 MP: 6/6
   822 | D:2      | Noticed Natasha
   830 | D:2      | Killed Natasha
   937 | D:3      | Reached skill level 5 in Maces & Flails
  1728 | D:4      | Found Jiaw's Magic Scroll Shoppe.
  1737 | D:4      | Bought a scroll of fog for 22 gold pieces
  1737 | D:4      | Bought a scroll of teleportation for 33 gold pieces
  1737 | D:4      | Bought a scroll of teleportation for 33 gold pieces
  1836 | D:4      | Reached XP level 6. HP: 45/45 MP: 8/8
  2290 | D:5      | Entered Level 5 of the Dungeon
  2295 | D:5      | Found a transporter.
  2296 | D:5      | Noticed Martska's ghost (novice HOFi)
  2679 | D:5      | Identified a +2 pair of boots of running (You found it on
                  | level 5 of the Dungeon)
  2796 | D:5      | Found a staircase to the Ecumenical Temple.
  2799 | D:5      | Reached *** piety under Lugonu
  2937 | D:4      | Lost mutation: You are frail. (-10% HP) [potion of
                  | mutation]
  2937 | D:4      | Lost mutation: You have a pair of large horns on your head.
                  | [potion of mutation]
  2937 | D:4      | Lost mutation: Your body sometimes deteriorates upon taking
                  | damage. [potion of mutation]
  2937 | D:4      | Gained mutation: You are frail. (-10% HP) [potion of
                  | mutation]
  2937 | D:4      | Gained mutation: Your muscles are strong. (Str +2) [potion
                  | of mutation]
  3566 | D:5      | Reached skill level 6 in Maces & Flails
  3637 | D:5      | Reached skill level 5 in Invocations
  4229 | D:6      | Noticed an orc warrior
  4229 | D:6      | Reached XP level 7. HP: 51/51 MP: 10/10
  4274 | D:5      | Reached skill level 7 in Maces & Flails
  4857 | D:6      | Found Bocrin's Book Shop.
  4902 | D:6      | Found an ornate altar of the Wu Jian Council.
  5031 | D:6      | Reached skill level 8 in Maces & Flails
  5234 | D:7      | Reached XP level 8. HP: 57/57 MP: 10/12
  5325 | D:7      | Reached skill level 9 in Maces & Flails
  5358 | D:7      | Found a burning altar of Makhleb.
  5920 | D:7      | Got an encrusted ring mail
  6010 | D:7      | Reached skill level 10 in Maces & Flails
  6080 | D:7      | Identified the +1 ring mail of Terror {Dex+2} (You found it
                  | on level 7 of the Dungeon)
  6119 | D:8      | Reached XP level 9. HP: 34/63 MP: 14/14
  6132 | D:8      | Reached **** piety under Lugonu
  6137 | D:8      | HP: 3/63 [killer bee (3)]
  6354 | D:8      | Found a staircase to the Lair.
  6431 | D:5      | Found a transporter.
  6453 | D:5      | HP: 1/63 [Martska's ghost (12)]
  6454 | D:5      | Banished Martska's ghost
  6454 | D:5      | Reached skill level 11 in Maces & Flails
  6913 | D:8      | Found a glowing silver altar of Zin.
  7292 | D:8      | Noticed a two-headed ogre
  7555 | D:8      | Reached skill level 12 in Maces & Flails
  7759 | D:8      | Killed a two-headed ogre
  7759 | D:8      | Reached XP level 10. HP: 28/69 MP: 16/16
  7993 | D:8      | Reached skill level 13 in Maces & Flails
  8132 | D:8      | Reached skill level 10 in Invocations
  8143 | D:8      | Noticed a white ugly thing
  8144 | D:8      | Banished a white ugly thing
  8594 | Lair:1   | Entered Level 1 of the Lair of Beasts
  8654 | Lair:1   | You fall through a shaft!
  8698 | Lair:2   | Reached skill level 5 in Fighting
  8893 | Lair:2   | Noticed a black mamba
  8910 | Lair:2   | Killed a black mamba
  8912 | Lair:2   | Reached skill level 5 in Armour
  9317 | Lair:1   | Noticed a black mamba
  9328 | Lair:1   | Killed a black mamba
  9979 | Lair:1   | Reached XP level 11. HP: 58/82 MP: 17/17
 10617 | Lair:2   | Noticed an oklob plant
 11367 | Lair:2   | Noticed a six-headed hydra
 11376 | Lair:2   | Killed a six-headed hydra
 11625 | Lair:3   | Found a staircase to the Snake Pit.
 12877 | Lair:4   | Noticed Urug
 12885 | Lair:4   | Noticed a seven-headed hydra
 13214 | Lair:4   | Killed from afar by a bog body

Skill      XL: |  1  2  3  4  5  6  7  8  9 10 11 |
---------------+----------------------------------+-----
Invocations    | 2 3 4 5 6 8 9 10 | 10.2
Maces & Flails | 3 4 5 6 8 10 12 13 | 13.6
Fighting       | 7 9 |  9.8
Armour         | 6 9 |  9.4
Dodging        | |  1.1

Action                   |  1- 3 |  4- 6 |  7- 9 | 10-12 || total
-------------------------+-------+-------+-------+-------++-------
Melee: Mace              |    66 |   167 |    47 |       ||   280
       Headbutt          |     8 |    25 |    50 |    58 ||   141
       Kick              |     4 |    21 |       |       ||    25
       Unarmed           |    10 |     5 |       |     1 ||    16
       Flail             |       |       |   205 |       ||   205
       Dire flail        |       |       |    57 |       ||    57
       Morningstar       |       |       |    10 |   198 ||   208
       Eveningstar       |       |       |       |   129 ||   129
Invok: Depart the Abyss  |     1 |       |       |       ||     1
       Bend Space        |       |     1 |       |       ||     1
       Banish            |       |       |     2 |     4 ||     6
Evoke: Wand              |       |     1 |     5 |     2 ||     8
  Use: Scroll            |     4 |     7 |     1 |     4 ||    16
       Potion            |     3 |     6 |     5 |     3 ||    17
 Stab: Confused          |     1 |     2 |       |       ||     3
       Invisible         |       |       |       |     2 ||     2
  Eat: Chunk             |       |     6 |     6 |    12 ||    24
       Ration            |       |     1 |     3 |     3 ||     7
Armor: Leather armour    |     4 |       |       |       ||     4
       Plate armour      |    60 |   123 |   213 |   194 ||   590
       Skin              |     2 |     7 |       |       ||     9
Dodge: Dodged            |    29 |    40 |    76 |    85 ||   230
Block: Buckler           |       |       |       |    17 ||    17
